 Dungeon Crawl Stone Soup version 0.21.1-1-g345015fe64 (webtiles) character file.

214 Norrik the Slasher (level 5, -1/47 HPs)
             Began as a Minotaur Monk on Apr 25, 2018.
             Slain by a phantom (5 damage)
             ... on level 4 of the Dungeon.
             The game lasted 00:03:57 (2702 turns).

Norrik the Slasher (Minotaur Monk)                  Turns: 2702, Time: 00:03:58

Health: -1/47      AC:  7    Str: 17    XL:     5   Next: 59%
Magic:  4/4        EV: 11    Int:  7    God:
Gold:   236        SH:  0    Dex: 12    Spells: 4/4 levels left

rFire    . . .     SeeInvis .   a - +0 falchion
rCold    . . .     Gourm    .   (no shield)
rNeg     . . .     Faith    .   t - +0 scale mail (curse)
rPois    .         Spirit   .   (helmet restricted)
rElec    .         Reflect  .   (no cloak)
rCorr    .         Harm     .   k - +0 pair of gloves
MR       .....                  (no boots)
Stlth    ..........             (no amulet)
HPRegen  0.15/turn              (no ring)
MPRegen  0.09/turn              (no ring)

@: no status effects
A: retaliatory headbutt, horns 2
a: no special abilities


You were on level 4 of the Dungeon.
You were hungry.

You visited 1 branch of the dungeon, and saw 4 of its levels.

You collected 236 gold pieces.

Inventory:

Hand Weapons
 a - a +0 falchion (weapon)
Armour
 b - a +0 robe
 k - a +0 pair of gloves (worn)
 t - a cursed +0 scale mail (worn)
Jewellery
 e - a +4 ring of dexterity {unknown}
 l - a +2 ring of protection {unknown}
 o - an uncursed ring of fire {unknown}
Wands
 q - a wand of iceblast (9)
 r - a wand of random effects (25)
Scrolls
 d - 6 scrolls of teleportation {unknown}
 g - a scroll of fog {unknown}
 h - a scroll of noise {unknown}
 i - 4 scrolls of identify {unknown}
 m - a scroll of remove curse {unknown}
 p - a scroll of blinking {unknown}
Potions
 f - 3 potions of curing {unknown}
 j - 2 potions of heal wounds {unknown}
 n - a potion of invisibility {unknown}
 s - a potion of lignification {unknown}
 u - a potion of degeneration {unknown}
Books
 v - a book of Minor Magic

   Spells                             Type                      Level
   a - Magic Dart                     Conjuration                  1
   b - Blink                          Translocation                2
   c - Call Imp                       Summoning                    2
   d - Slow                           Hexes                        2
   e - Conjure Flame                  Conjuration/Fire             3
   f - Mephitic Cloud                 Conjuration/Poison/Air       3
Comestibles
 c - 7 rations


   Skills:
 + Level 4.9 Fighting
 * Level 6.0 Long Blades
 + Level 3.0 Armour
 - Level 3.2 Dodging
 - Level 1.5 Stealth


You had 4 spell levels left.
You didn't know any spells.

Dungeon Overview and Level Annotations

Branches:
Dungeon (4/15)
 Temple: D:4-7

Altars:
Fedhas
Kikubaaqudgha


Innate Abilities, Weirdness & Mutations

You reflexively headbutt those who attack you in melee.
You have a pair of horns on your head.


Message History

The howler monkey closely misses you. The howler monkey barely misses you.
You riposte.
You completely miss the howler monkey. You headbutt the howler monkey!
The howler monkey is heavily wounded.
You slash the howler monkey!
You kill the howler monkey!
Your Long Blades skill increases to level 6!
Your Armour skill increases to level 3!
You see here a howler monkey corpse.
That item cannot be evoked!
Okay, then.
You start resting.
You see here a howler monkey corpse.
You closely miss the phantom. Your headbutt misses the phantom.
The phantom is severely damaged.
The phantom hits you but does no damage.
You miss the phantom.
The phantom is severely damaged.
The phantom hits you.
You die...

..##.#.......#
#..)..#..###..#.
.###.#########
#..##.#..#......
.....#
#........#......
######
##†.##...........
#................
#..#.#.#.##.÷..##
#.....†........##
##..#.#.#.......##
##@................
##W##.#.#.#.......##
#.###.............#
#.# #####.#.......#
#.## #.#.......#
##.## .##########
##.# .# ##.......
#§#)###


You could see a phantom.

Vanquished Creatures
  A howler monkey (D:4)
  A worker ant (D:4)
  7 adders
  2 adder skeletons (D:4)
  2 worms
  3 leopard geckos
  3 orcs (D:3)
  9 bats
  4 giant cockroaches
  8 goblins
  7 hobgoblins
  4 jackals (D:1)
  A quokka (D:3)
  2 ball pythons
  4 frilled lizards
  7 kobolds
  4 rats
69 creatures vanquished.

Notes
Turn   | Place    | Note
-------+----------+-------------------------------------------
     0 | D:1      | Norrik the Minotaur Monk began the quest for the Orb.
     0 | D:1      | Reached XP level 1. HP: 19/19 MP: 0/0
    49 | D:1      | Reached skill level 4 in Long Blades
    49 | D:1      | Reached XP level 2. HP: 18/27 MP: 1/1
    61 | D:1      | Reached skill level 1 in Armour
   417 | D:1      | Reached XP level 3. HP: 27/33 MP: 2/2
  1620 | D:3      | Reached XP level 4. HP: 32/40 MP: 3/3
  1684 | D:3      | Reached skill level 5 in Long Blades
  2045 | D:3      | Found an ancient bone altar of Kikubaaqudgha.
  2045 | D:3      | Found a blossoming altar of Fedhas.
  2097 | D:3      | Found a blossoming altar of Fedhas.
  2574 | D:4      | Reached XP level 5. HP: 47/47 MP: 4/4
  2615 | D:4      | Noticed a phantom
  2689 | D:4      | HP: 2/47 [phantom (5)]
  2696 | D:4      | Reached skill level 6 in Long Blades
  2702 | D:4      | Slain by a phantom

Skill      XL: |  1  2  3  4  5 |
---------------+----------------+-----
Long Blades    | 4 5 6 |  6.0
Armour         | 1 2 3 |  3.0
Fighting       | 4 |  4.9
Dodging        | |  3.2
Stealth        | |  1.5

Action                   |  1- 3 |  4- 6 || total
-------------------------+-------+-------++-------
Melee: Falchion          |    85 |    84 ||   169
       Headbutt          |    19 |    14 ||    33
Evoke: Wand              |       |     2 ||     2
 Stab: Sleeping          |     7 |       ||     7
  Eat: Chunk             |     2 |     3 ||     5
Armor: Robe              |    13 |     6 ||    19
       Scale mail        |       |    15 ||    15
Dodge: Dodged            |    46 |    46 ||    92
       Rpst.: Falchion   |     9 |    13 ||    22
